 Dungeon Crawl Stone Soup version 0.25.1-2-g60ff931df9 (webtiles) character file.

Game seed: 8608797105122576263

245 Kold the Insei (level 6, -1/38 HPs)
             Began as an Octopode Transmuter on Aug 14, 2020.
             Slain by Menkaure (24 damage)
             ... on level 4 of the Dungeon.
             The game lasted 00:04:42 (4485 turns).

Kold the Insei (Octopode Transmuter)                Turns: 4485, Time: 00:04:43

Health: -1/38      AC:  1    Str:  9    XL:     6   Next: 10%
Magic:  2/9        EV: 13    Int: 17    God:
Gold:   179        SH:  0    Dex: 13    Spells: 3/9 levels left

rFire    . . .     SeeInvis .     - Unarmed
rCold    . . .     Gourm    .   (no shield)
rNeg     + . .     Faith    .   (helmet restricted)
rPois    .         Spirit   .   (no amulet)
rElec    .         Reflect  .   f - ring of positive energy
rCorr    .         Harm     .   (no ring)
MR       .....                  (no ring)
Stlth    ++........             (no ring)
HPRegen  0.12/turn              (no ring)
MPRegen  0.11/turn              (no ring)
                                (no ring)
                                (no ring)

@: appendage
A: almost no armour, stealthy swim, amphibious, 8 rings, constrict 8, tentacle
spike 3, camouflage 1, gelatinous body 1
a: End Transformation


You were on level 4 of the Dungeon.
You were hungry.
One of your tentacles had a temporary spike.
You visited 1 branch of the dungeon, and saw 4 of its levels.

You collected 179 gold pieces.

Inventory:

Missiles
 a - 54 arrows
Jewellery
 f - a ring of positive energy (left tentacle)
Scrolls
 b - 2 scrolls of blinking {unknown}
 d - a scroll of amnesia {unknown}
 h - a scroll of immolation {unknown}
 k - 4 scrolls of identify {unknown}
 l - a scroll of fear {unknown}
 m - a scroll of fog {unknown}
 o - 3 scrolls of teleportation {unknown}
 p - a scroll of noise {unknown}
 q - a scroll of remove curse {unknown}
Potions
 e - a potion of stabbing {unknown}
 i - a potion of flight {unknown}
 j - a potion of cancellation {unknown}
 n - 2 potions of curing {unknown}
Comestibles
 c - 4 rations
 g - 2 chunks of flesh


   Skills:
 - Level 1.0 Fighting
 - Level 2.0 Dodging
 + Level 4.7 Unarmed Combat
 - Level 2.0 Spellcasting
 + Level 4.1 Transmutations
 - Level 3.0 Poison Magic


You had 3 spell levels left.
You knew the following spells:

 Your Spells              Type           Power        Failure   Level  Hunger
a - Beastly Appendage     Tmut           ###...       3%          1    #......
b - Sticks to Snakes      Tmut           ###.....     5%          2    ###....
c - Spider Form           Tmut/Pois      ##........   13%         3    ###....

Your spell library contained the following spells:

 Spells                   Type           Power        Failure   Level  Hunger
 Corona                   Hex            #......      19%         1    #......
 Ensorcelled Hibernation  Hex/Ice        #.....       28%         2    ###....
 Confusing Touch          Hex            #.......     50%         3    ###....
 Dazzling Flash           Conj/Hex       #.....       50%         3    ###....
 Tukima's Dance           Hex            #.......     50%         3    ###....
 Ice Form                 Ice/Tmut       #.......     63%         4    #####..
 Blade Hands              Tmut           ###.......   67%         5    ######.


Dungeon Overview and Level Annotations

Branches:
Dungeon (4/15)
 Temple: D:4-7

Altars:
Hepliaklqana

Shops:
D:4 =

Annotations:
D:4 Menkaure


Innate Abilities, Weirdness & Mutations

You cannot wear most types of armour.
You are very stealthy in the water. (Stealth+)
You are amphibious.
You can wear up to eight rings at the same time.
You can use your tentacles to constrict eight enemies at once.
Your skin changes colour to match your surroundings (Stealth+).
Your rubbery body absorbs attacks. (AC +1, EV +1)
One of your tentacles bears a large vicious spike.


Message History

Casting: Sticks to Snakes (safe; 6% risk of failure)
Confirm with . or Enter, or press ? or * to list all spells.
One of your tentacles grows a vicious spike.
You tentacle-slap the scorpion but do no damage.
Your grab misses the scorpion. Your squeeze misses the scorpion.
Menkaure calls on the powers of darkness!
The scorpion convulses!
Your body is wracked with pain!
You tentacle-slap the scorpion. You grab the scorpion.
You pierce the scorpion.
The scorpion is almost dead.
You constrict the scorpion.
You kill the scorpion!
Training target 3.0 for Poison Magic reached!
Your Poison Magic skill increases to level 3!
You have reached level 6!
Your experience leads to an increase in your attributes!
Increase (S)trength, (I)ntelligence, or (D)exterity?
You feel clever. Menkaure hits you!!
Ouch! That really hurt!
You die...

#.####......... ..##...<..
#####.#####...#### #.##.#####
......##.........## #.##.#
########..∩........ #.##.#
#.........##.####.##.# #
####...####..........#####
#######
#.........####.###.....
##....#####...#####.####.#
#.####
.O.......##....M@........###.#
#
##.##.##.###...###...........#
# #.##.##s###.O.#
##.########## #
.........##...# ### ###
##......)...[.÷# #..
###...........##### #.#
#..##..#........# #.#
#).##..#..#####.########## #.#
#. #..#..# #..........###.#


You could see an ogre and Menkaure (fast).

Vanquished Creatures
  A scorpion (D:4)
  2 orc wizards (D:3)
  An orc priest (D:3)
  A worker ant (D:4)
  3 adders
  An ooze (D:1)
  2 worms (D:3)
  2 dart slugs (D:3)
  3 leopard geckos (D:3)
  11 orcs
  3 bats
  2 giant cockroaches
  3 goblins
  5 hobgoblins
  4 jackals (D:1)
  A quokka (D:2)
  A ball python (D:3)
  3 frilled lizards
  4 kobolds
  7 rats
60 creatures vanquished.

Notes
Turn   | Place    | Note
-------+----------+-------------------------------------------
     0 | D:1      | Kold the Octopode Transmuter began the quest for the Orb.
     0 | D:1      | Reached XP level 1. HP: 13/13 MP: 3/3
   236 | D:1      | Reached XP level 2. HP: 11/18 MP: 3/5
  1422 | D:2      | Reached XP level 3. HP: 23/23 MP: 4/6
  1995 | D:2      | Found a faded altar of an unknown god.
  2187 | D:3      | Reached XP level 4. HP: 16/28 MP: 5/7
  3013 | D:3      | Learned a level 2 spell: Sticks to Snakes
  3017 | D:3      | Learned a level 3 spell: Spider Form
  3459 | D:3      | Reached skill level 1 in Poison Magic
  3459 | D:3      | Reached XP level 5. HP: 30/33 MP: 6/8
  4020 | D:3      | Found a hazy altar of Hepliaklqana.
  4420 | D:4      | Found Vatuatei's Jewellery Boutique.
  4451 | D:4      | Noticed Menkaure
  4456 | D:4      | Noticed an ogre
  4484 | D:4      | Reached XP level 6. HP: 23/38 MP: 2/9
  4485 | D:4      | Slain by Menkaure

Illustrated notes

Levels and vault maps discovered:
D:1:      ncdulo_wetmaze, layout_basic, hex_intersection, minmay_misc_feat_tower
D:2:      layout_loops_ring, chequers_ecumenical_altar_simple,
          kennysheep_cluttered_room, minivault_26, serial_bayou_pond_a,
          minmay_misc_feat_more_columns
D:3:      layout_basic, nicolae_overflow_crystal_walls, minivault_25
D:4:      layout_loops_ring, serial_shops, shop, first_ration, uniq_menkaure,
          uniq_pikel

Skill      XL: |  1  2  3  4  5 |
---------------+----------------+-----
Transmutations | 3 4 |  4.1
Unarmed Combat | 4 |  4.7
Poison Magic   | 1 3 |  3.0
Fighting       | |  1.0
Dodging        | |  2.0
Spellcasting   | |  2.0

Action                   |  1- 3 |  4- 6 || total
-------------------------+-------+-------++-------
Melee: Unarmed           |    64 |    83 ||   147
       Kick              |    16 |    28 ||    44
       Constrict         |    15 |    27 ||    42
       Tentacles         |    10 |    13 ||    23
       Punch             |     2 |     1 ||     3
 Cast: Beastly Appendage |    20 |    19 ||    39
       Sticks to Snakes  |       |     4 ||     4
 Stab: Sleeping          |     4 |     2 ||     6
  Eat: Chunk             |     4 |     4 ||     8
       Ration            |       |     1 ||     1
Armor: Skin              |     6 |     8 ||    14
Dodge: Dodged            |    26 |    42 ||    68
